 Dungeon Crawl Stone Soup version 0.28.0-55-gcd9437bce4 (webtiles) character file.

Game seed: 2037202836176090257

97 nerdsy the Vexing (level 4, -2/34 HPs)
             Began as a Gnoll Arcane Marksman on Dec 29, 2022.
             Slain by a white imp (4 damage)
             ... summoned by Natasha
             ... on level 2 of the Dungeon.
             The game lasted 00:08:25 (1119 turns).

nerdsy the Vexing (Gnoll Arcane Marksman)           Turns: 1119, Time: 00:08:25

Health: -2/34      AC: 10    Str: 10    XL:     4   Next: 68%
Magic:  8/8        EV:  2    Int: 12    God:
Gold:   43         SH:  0    Dex: 14    Spells: 8/9 levels left

rFire   . . .      SeeInvis .   a - +0 hand crossbow
rCold   . . .      Faith    .   (no shield)
rNeg    . . .      Spirit   .   l - +0 plate armour
rPois   .          Reflect  .   (no helmet)
rElec   .          Harm     .   (no cloak)
rCorr   .          Rampage  .   (no gloves)
Will    .....                   (no boots)
Stlth   ..........              (no amulet)
HPRegen 0.11/turn               (no ring)
MPRegen 0.11/turn               (no ring)

@: no status effects
A: fangs 1, strong nose, distributed training
a: no special abilities


You were on level 2 of the Dungeon.
You visited 1 branch of the dungeon, and saw 2 of its levels.

You collected 43 gold pieces.

Inventory:

Hand Weapons
 a - a +0 hand crossbow (weapon)
 d - a +2 short sword of draining
 j - the +3 dagger of Severance {vorpal, rElec Will+ Stlth+}
   (You found it on level 2 of the Dungeon)

   It inflicts extra damage upon your enemies.
   rElec:     It insulates you from electricity.
   Will:      It increases your willpower.
   Stlth:     It makes you more stealthy.
Missiles
 c - 6 bolts (quivered ammo)
 f - 27 stones
 h - 25 arrows
Armour
 l - a +0 plate armour (worn)
Potions
 b - 2 potions of haste


   Skills:
 + Level 2.8 Fighting
 + Level 1.2 Short Blades
 + Level 1.2 Long Blades
 + Level 1.2 Axes
 + Level 1.2 Maces & Flails
 + Level 1.2 Polearms
 + Level 1.2 Staves
 + Level 1.2 Slings
 + Level 1.2 Bows
 + Level 4.7 Crossbows
 + Level 1.2 Throwing
 + Level 1.2 Armour
 + Level 4.7 Dodging
 + Level 1.2 Stealth
 + Level 1.2 Shields
 + Level 1.2 Unarmed Combat
 + Level 3.0 Spellcasting
 + Level 1.0 Conjurations
 + Level 5.5 Hexes
 + Level 1.0 Summonings
 + Level 1.0 Necromancy
 + Level 1.0 Translocations
 + Level 1.0 Transmutations
 + Level 1.0 Fire Magic
 + Level 1.0 Ice Magic
 + Level 1.0 Air Magic
 + Level 1.0 Earth Magic
 + Level 1.0 Poison Magic
 + Level 1.3 Invocations
 + Level 1.2 Evocations


You had 8 spell levels left.
You knew the following spells:

 Your Spells              Type           Power      Damage    Failure   Level
a - Slow                  Hex            60%        N/A       100%        1

Your spell library contained the following spells:

 Spells                   Type           Power      Damage    Failure   Level
 Inner Flame              Hex/Fire       9%         N/A       100%        3
 Portal Projectile        Hex/Tloc       18%        N/A       100%        3
 Cause Fear               Hex            7%         N/A       100%        4


Dungeon Overview and Level Annotations

Branches:
Dungeon (2/15)

Altars:

Annotations:
D:2 Natasha


Innate Abilities, Weirdness & Mutations

You have very sharp teeth.
Your uncanny sense of smell can sniff out nearby items.
Your experience applies equally to all skills.


Message History

Natasha claws you.
The crimson imp hits you but does no damage.
Fire: 11 bolts
Press: ? - help, Q - select action, (/) - cycle Shift-Dir - straight line, f/p - Natasha
Aim: Natasha (lightly wounded, 59% to hit)
You shoot a bolt. The bolt barely misses Natasha.
Natasha mumbles some strange words.
The crimson imp grins evilly.
The crimson imp blinks!
Natasha claws you.
Fire: 10 bolts
Press: ? - help, Q - select action, (/) - cycle Shift-Dir - straight line, f/p - Natasha
Aim: Natasha (lightly wounded, 59% to hit)
You shoot a bolt. The bolt barely misses Natasha.
Natasha mumbles some strange words.
Natasha's front paws start to glow.
Natasha barely misses you.
Fire: 9 bolts
Press: ? - help, Q - select action, (/) - cycle Shift-Dir - straight line, f/p - Natasha
Aim: Natasha (lightly wounded, 59% to hit)
You shoot a bolt. The bolt hits Natasha!
Natasha is severely wounded.
Natasha claws you.
The crimson imp blinks!
Fire: 8 bolts
Press: ? - help, Q - select action, (/) - cycle Shift-Dir - straight line, f/p - Natasha
Aim: Natasha (severely wounded, 59% to hit)
You shoot a bolt. The bolt barely misses Natasha.
The white imp hits you. The white imp freezes you. Natasha claws you.
Natasha stares at you and mumbles some strange words.
The magic dart hits you!
* * * LOW HITPOINT WARNING * * *
The white imp completely misses you.
Fire: 7 bolts
Press: ? - help, Q - select action, (/) - cycle Shift-Dir - straight line, f/p - Natasha
Aim: Natasha (severely wounded, 59% to hit)
You shoot a bolt. The bolt closely misses Natasha.
The crimson imp hits you but does no damage.
The white imp hits you.
* * * LOW HITPOINT WARNING * * *
The white imp freezes you.
You die...

..................<.#.......#....
........#..######.######..♣.♣....
#########............###.##....#.
###....#####.###.....#♣.♣#♣..
#####...#### #.# ##..####......
#.......# #.# #..###♣.♣.♣..
#.......# #.# #....##.#....
#.......# #.# ##.##....#..<.
........########@###..#..........
#............#.h55.#.#...##.#....
#######................####......
#................## ###....
#..........>....## #.###
#...(...........# #.#
#.....[.........# #.##♣
#...(...........# #..#♣
##.............## ##..♣♣


You could see Natasha, a crimson imp (summoned) and a white imp (summoned).

Vanquished Creatures
  Natasha (twice) (D:2)
  3 dart slugs
  6 bats (D:1)
  5 endoplasms (D:1)
  A giant cockroach (D:1)
  2 goblins (D:1)
  4 hobgoblins
  4 kobolds (D:1)
  3 quokkas (D:1)
  2 ball pythons (D:2)
  5 frilled lizards
  3 rats (D:1)
40 creatures vanquished.

Vanquished Creatures (others)
  A plant (D:2)
1 creature vanquished.

Grand Total: 41 creatures vanquished

Notes
Turn   | Place    | Note
-------+----------+-------------------------------------------
     0 | D:1      | nerdsy the Gnoll Arcane Marksman began the quest for the
                  | Orb.
     0 | D:1      | Reached XP level 1. HP: 17/17 MP: 4/4
   114 | D:1      | Reached XP level 2. HP: 23/23 MP: 5/5
   406 | D:1      | Reached XP level 3. HP: 28/28 MP: 7/7
   705 | D:2      | Reached skill level 1 in Invocations
   797 | D:2      | Identified the +3 dagger of Severance {vorpal, rElec Will+
                  | Stlth+}
   821 | D:2      | Noticed Natasha
   827 | D:2      | Killed Natasha
   828 | D:2      | Reached skill level 1 in Short Blades
   828 | D:2      | Reached skill level 1 in Long Blades
   828 | D:2      | Reached skill level 1 in Axes
   828 | D:2      | Reached skill level 1 in Maces & Flails
   828 | D:2      | Reached skill level 1 in Polearms
   828 | D:2      | Reached skill level 1 in Staves
   828 | D:2      | Reached skill level 1 in Slings
   828 | D:2      | Reached skill level 1 in Bows
   828 | D:2      | Reached skill level 1 in Throwing
   828 | D:2      | Reached skill level 1 in Armour
   828 | D:2      | Reached skill level 1 in Stealth
   828 | D:2      | Reached skill level 1 in Shields
   828 | D:2      | Reached skill level 1 in Unarmed Combat
   828 | D:2      | Reached skill level 1 in Evocations
   828 | D:2      | Reached XP level 4. HP: 34/34 MP: 8/8
   982 | D:2      | Noticed Natasha
   988 | D:2      | Killed Natasha
   989 | D:2      | Reached skill level 1 in Conjurations
   989 | D:2      | Reached skill level 1 in Summonings
   989 | D:2      | Reached skill level 1 in Necromancy
   989 | D:2      | Reached skill level 1 in Translocations
   989 | D:2      | Reached skill level 1 in Transmutations
   989 | D:2      | Reached skill level 1 in Fire Magic
   989 | D:2      | Reached skill level 1 in Ice Magic
   989 | D:2      | Reached skill level 1 in Air Magic
   989 | D:2      | Reached skill level 1 in Earth Magic
   989 | D:2      | Reached skill level 1 in Poison Magic
  1109 | D:2      | Noticed Natasha
  1119 | D:2      | Slain by a white imp

Illustrated notes

Levels and vault maps discovered:
D:1:      tarquinn_simple_flora_water_d, layout_rooms, minmay_cupped
D:2:      layout_rooms, serial_forest, infiniplex_forest_lined_corner,
          infiniplex_forest_clump_long, infiniplex_forest_corner_1,
          infiniplex_forest_3_way, infiniplex_forest_side_room,
          infiniplex_forest_lined_corner, infiniplex_forest_clump_curved,
          infiniplex_forest_corner_2, uniq_natasha

Skill      XL: |  1  2  3  4 |
---------------+-------------+-----
Invocations    | 1 |  1.3
Short Blades   | 1 |  1.2
Long Blades    | 1 |  1.2
Axes           | 1 |  1.2
Maces & Flails | 1 |  1.2
Polearms       | 1 |  1.2
Staves         | 1 |  1.2
Slings         | 1 |  1.2
Bows           | 1 |  1.2
Throwing       | 1 |  1.2
Armour         | 1 |  1.2
Stealth        | 1 |  1.2
Shields        | 1 |  1.2
Unarmed Combat | 1 |  1.2
Evocations     | 1 |  1.2
Spellcasting   | 3 |  3.0
Conjurations   | 1 |  1.0
Summonings     | 1 |  1.0
Necromancy     | 1 |  1.0
Translocations | 1 |  1.0
Transmutations | 1 |  1.0
Fire Magic     | 1 |  1.0
Ice Magic      | 1 |  1.0
Air Magic      | 1 |  1.0
Earth Magic    | 1 |  1.0
Poison Magic   | 1 |  1.0
Fighting       | |  2.8
Crossbows      | |  4.7
Dodging        | |  4.7
Hexes          | |  5.5

Action                   |  1- 3 |  4- 6 || total
-------------------------+-------+-------++-------
 Fire: Hand crossbow     |    96 |    22 ||   118
  Use: Scroll            |     1 |     3 ||     4
Armor: Ring mail         |    11 |       ||    11
       Plate armour      |       |     2 ||     2
Dodge: Dodged            |    27 |     3 ||    30
